 Dungeon Crawl Stone Soup version 0.20-a0-924-gfa95efa (webtiles) character file.

79079 SpeedGuruRKaid the Severer (level 15, 0/141 HPs)
             Began as a Minotaur Berserker on Mar 27, 2017.
             Was the Champion of Trog.
             Killed from afar by a thorn hunter (40 damage)
             ... with a volley of thorns
             ... on level 4 of the Swamp.
             The game lasted 00:21:09 (14219 turns).

SpeedGuruRKaid the Severer (Minotaur Berserker)    Turns: 14219, Time: 00:21:09

Health: 0/141      AC: 19    Str: 22    XL:     15   Next: 20%
Magic:  14/14      EV: 10    Int:  5    God:    Trog [******]
Gold:   939        SH:  4    Dex: 15    Spells: 14/14 levels left

rFire    . . .     SeeInvis .   s - +7 battleaxe (elec)
rCold    . . .     Gourm    .   (shield currently unavailable)
rNeg     . . .     Faith    .   w - +0 plate armour
rPois    +         Spirit   .   (helmet restricted)
rElec    .         Reflect  .   (no cloak)
rCorr    .         Harm     .   c - +1 pair of gloves
MR       +....                  (no boots)
Stlth    ..........             (no amulet)
Regen    0.4/turn               J - ring of poison resistance {rPois}
MPRegen  0.2/turn               z - ring of flight {+Fly}

@: no status effects
A: retaliatory headbutt, claws 1, horns 2, large bone plates 1, no potion heal 1
a: Berserk, Trog's Hand, Brothers in Arms, Burn Spellbooks, Renounce Religion,
Evoke Flight


You were on level 4 of the Swamp.
You worshipped Trog.
Trog was exalted by your worship.
You were hungry.

You visited 3 branches of the dungeon, and saw 16 of its levels.

You collected 939 gold pieces.

Inventory:

Hand Weapons
 s - a +7 battleaxe of electrocution (weapon)
   (Trog gifted it to you on level 2 of the Lair of Beasts)
 v - a +5 war axe
   (You took it off a wight on level 9 of the Dungeon)
Missiles
 q - 2 throwing nets {=f}
Armour
 c - a +1 pair of gloves (worn)
   (You found it on level 4 of the Dungeon)
 r - a +1 ring mail of magic resistance
   (You took it off an orc on level 3 of the Dungeon)
 w - a +0 plate armour (worn)
   (You took it off an orc warrior on level 7 of the Dungeon)
Jewellery
 z - a ring of flight (right hand) {+Fly}
   (You found it on level 1 of the Swamp)
 J - a ring of poison resistance (left hand) {rPois}
   (You found it on level 1 of the Lair of Beasts)
Wands
 f - a wand of scattershot (5/9)
   (You found it on level 1 of the Swamp)
 l - a wand of scattershot (6/9)
   (You found it on level 2 of the Swamp)
 y - a wand of acid (15/15)
   (You found it on level 9 of the Dungeon)
 C - a wand of acid (6/15)
   (You found it on level 9 of the Dungeon)
Scrolls
 a - 2 scrolls of magic mapping {!r}
 h - a scroll of enchant weapon
 m - 11 scrolls of remove curse
 B - 5 scrolls of teleportation
 D - a scroll of recharging
Potions
 b - 3 potions of brilliance {unknown}
 g - a potion of haste {unknown}
 i - a potion of resistance {unknown}
 j - a potion of might {unknown}
 k - 7 potions of curing
 p - a potion of invisibility {unknown}
 t - 2 potions of ambrosia
 x - a potion of flight {unknown}
 A - 3 potions of degeneration {unknown}
 F - a potion of agility {unknown}
 G - a potion of cancellation {unknown}
Miscellaneous
 u - a fan of gales
   (You found it on level 2 of the Swamp)
Comestibles
 d - 9 royal jellies
 e - 3 bread rations
 n - 3 meat rations


   Skills:
 + Level 15.2 Fighting
 * Level 20.4 Axes
 + Level 15.0 Armour
 - Level 4.5 Dodging
   Level 4.1 Shields


You had 14 spell levels left.
You didn't know any spells.

Dungeon Overview and Level Annotations

Branches:
Dungeon (10/15)            Temple (0/1) D:7            Lair (3/6) D:9
  Swamp (4/4) Lair:2       Spider (0/4) Lair:3
    Orc: D:9-12

Altars:
Elyvilon
Kikubaaqudgha
Makhleb
Uskayaw
Xom
Yredelemnul

Annotations:
D:5 Grinder
Lair:2 exclusion: 2 oklob plants


Innate Abilities, Weirdness & Mutations

You reflexively headbutt those who attack you in melee.
You have a pair of horns on your head.
You have sharp fingernails.
You are partially covered in large bone plates. (SH +4)
Potions are less effective at restoring your health.


Message History

A swamp worm comes into view.
A red film seems to cover your vision as you go berserk!
You feel yourself moving faster!
You feel mighty!
You are feeling hungry.
The eight-headed hydra bites you but does no damage. x8
You slice one of the eight-headed hydra's heads off!
The seven-headed hydra grows two more!
You open the nine-headed hydra like a pillowcase!!!
You headbutt the nine-headed hydra!!
You hear a roar! x3
You hack one of the nine-headed hydra's heads off!
The eight-headed hydra grows two more!
You chop the ten-headed hydra into pieces!!!
You kill the ten-headed hydra!
Trog accepts your kill.
You enter the shallow water.
Moving in this stuff is going to be slow.
You see here a hydra corpse.
You feel a strong urge to attack something.
The swamp worm bites you!
You slice the swamp worm!!
The swamp worm bites you but does no damage.
Your unstable footing causes you to fumble your attack.
You slice the swamp worm!!
You kill the swamp worm!
Trog accepts your kill.
You see here a hydra corpse.
You feel a strong urge to attack something.
You enter the shallow water.
Moving in this stuff is going to be slow.
You are no longer berserk.
You are exhausted.
You feel yourself slow down.
Unknown command.
You see here a hydra corpse.
You enter the shallow water.
Moving in this stuff is going to be slow.
You see here a swamp worm corpse.
There is a stone staircase leading up, spattered with blood here.
You start resting.
A swamp drake comes into view.
A swamp drake is nearby!
The swamp drake breathes noxious fumes at you.
The noxious blast misses you. The swamp drake closely misses you.
Things that are here:
+0 swamp dragon scales {rPois}; a swamp dragon corpse You slice the swamp drake!!
The swamp drake barely misses you.
You barely miss the swamp drake. The swamp drake completely misses you.
You furiously retaliate!
You headbutt the swamp drake!
You kill the swamp drake!
Trog accepts your kill.
No target in view!
No target in view!
You start resting.
You feel yourself speed up.
You start resting.
You feel less exhausted.
A spriggan druid comes into view.
It is wielding a quarterstaff of protection.
You see here a swamp worm corpse.
A spriggan druid is nearby!
Unknown command.
You enter the shallow water.
Moving in this stuff is going to be slow.
The spriggan druid shouts!
You see here a swamp drake corpse.
A thorn hunter comes into view.
Thorny briars emerge from the ground!
The spriggan druid splashes around in the water.
The thorn hunter fires a volley of thorns at you.
The volley of thorns hits you!
A swamp drake comes into view.
You see here a hydra corpse.
The swamp drake roars!
You slice the spriggan druid!!
Lightning courses through the spriggan druid!
You slice the spriggan druid!!
With its final breath, the spriggan druid offers up its power to the beasts of the wild!
The swamp drake seems to grow more fierce.
You kill the spriggan druid!
Trog accepts your kill.
Trog appreciates your killing of a magic user.
You hear a splash. x2
The thorn hunter hits the briar patch! x2
The briar patch is destroyed!
You enter the shallow water.
Moving in this stuff is going to be slow.
The thorn hunter fires a volley of thorns at you.
The volley of thorns hits you!
Thorny briars emerge from the ground!
Things that are here:
a quarterstaff of protection; a robe; a spriggan corpse The thorn hunter fires a volley of thorns at you.
The volley of thorns hits you!
You see here a hydra corpse.
The thorn hunter fires a volley of thorns at you.
The volley of thorns hits you!
* * * LOW HITPOINT WARNING * * *
The thorn hunter fires a volley of thorns at you.
The volley of thorns hits you!
You die...

♣♣♣ ♣♣♣♣♣♣♣♣ ♣.≈♣♣ ♣
♣♣...≈..♣♣♣♣♣♣≈≈≈.♣≈≈
♣≈(..≈...♣♣...≈≈≈≈..≈
♣♣♣≈♣♣≈...♣≈.≈≈≈..≈≈.
♣♣♣♣.≈.≈..≈≈.....≈≈
♣...@≈†≈..≈≈...≈≈
♣♣.†≈.†[<.....§♣.≈ ♣
♣♣♣♣♣PP)≈♣.÷§≈≈≈≈≈♣♣
.≈.♣♣≈≈≈♣PPP♣♣♣≈♣♣≈.§♣.♣
≈≈≈..≈≈PPf♣##
♣♣##♣♣≈§≈≈< ≈≈≈..≈≈≈k#♣
#≈≈≈≈. ≈≈≈.≈.≈≈♣# ♣≈≈♣.
.≈≈.≈≈≈## ♣..≈ ≈≈≈.♣≈.
#≈.


You could see a thorn hunter and a swamp drake.

Vanquished Creatures
  A tentacled monstrosity (Swamp:4)
  A dire elephant (Lair:3)
  Josephine (D:10)
  11 hydras
  Erolcha (D:10)
  6 alligators
  3 two-headed ogres (D:9)
  2 spriggan druids
  4 swamp dragons
  6 ugly things
  16 elephants (Lair:3)
  A black mamba (Lair:2)
  12 spiny frogs
  A rime drake (Lair:3)
  6 komodo dragons
  3 tyrant leeches
  4 jumping spiders (Lair:3)
  A queen bee (Lair:2)
  A troll (D:9)
  5 hornets
  6 bog bodies
  A blink frog (Lair:2)
  8 slime creatures
  Sigmund (D:5)
  3 redbacks (Lair:3)
  4 hippogriffs
  3 wyverns
  6 spriggans
  A shadow (Swamp:1)
  2 basilisks (Lair:1)
  3 wraiths (D:10)
  7 yaks
  The ghost of Herrn the Magician, an amateur NaWz (D:4)
  16 insubstantial wisps
  7 swamp worms
  9 porcupines
  4 water moccasins (Lair:2)
  An orc warrior (D:7)
  3 swamp drakes
  3 sky beasts
  4 ice beasts
  2 eyes of draining
  2 phantoms
  2 ogres (D:6)
  A centaur (D:5)
  8 crocodiles
  9 bullfrogs
  A scorpion (D:6)
  A troll zombie (D:10)
  29 killer bees
  8 wights
  A howler monkey (D:6)
  A bullfrog zombie (D:10)
  2 crimson imps
  2 jellies (D:7)
  2 centaur zombies
  A hound (D:9)
  2 bullfrog skeletons
  3 orc priests
  2 iguanas
  Jessica (D:2)
  8 orc wizards
  4 worker ants
  A worker ant zombie (D:7)
  7 adders
  3 shadow imps
  An ooze (D:2)
  2 adder skeletons
  2 worms
  2 dart slugs
  3 leopard geckos
  33 orcs
  6 bats
  4 giant cockroaches
  8 goblins
  7 hobgoblins
  15 jackals
  4 quokkas
  6 frilled lizards
  A goblin zombie (D:10)
  12 kobolds
  2 orc zombies (D:10)
  A quokka skeleton (D:4)
  11 rats
  A spectral orc (D:5)
  5 fungi
  2 plants
410 creatures vanquished.

Vanquished Creatures (others)
  A briar patch (Swamp:4)
  20 fungi
  3 plants
24 creatures vanquished.

Grand Total: 434 creatures vanquished

Notes
Turn   | Place    | Note
-------+----------+-------------------------------------------
     0 | D:1      | SpeedGuruRKaid the Minotaur Berserker began the quest for the Orb.
     0 | D:1      | Reached XP level 1. HP: 19/19 MP: 0/0
   127 | D:1      | Reached skill level 4 in Axes
   127 | D:1      | Reached XP level 2. HP: 26/27 MP: 1/1
   346 | D:1      | Reached ** piety under Trog
   715 | D:1      | Reached XP level 3. HP: 30/33 MP: 2/2
   724 | D:1      | Reached skill level 4 in Fighting
   724 | D:1      | Reached skill level 3 in Armour
   816 | D:2      | Reached skill level 5 in Axes
   874 | D:2      | Reached XP level 4. HP: 40/40 MP: 3/3
   919 | D:2      | Noticed Jessica
   928 | D:2      | Killed Jessica
  1038 | D:2      | Found a shimmering altar of Xom.
  1554 | D:3      | Reached XP level 5. HP: 43/47 MP: 4/4
  1634 | D:3      | Reached *** piety under Trog
  1876 | D:3      | Reached skill level 6 in Axes
  1928 | D:3      | Reached skill level 4 in Armour
  2483 | D:3      | Found a burning altar of Makhleb.
  2483 | D:3      | Noticed a balrug
  2486 | D:3      | Noticed a ynoxinul
  2486 | D:3      | Noticed a neqoxec
  2563 | D:3      | Reached skill level 5 in Fighting
  2665 | D:3      | Noticed Sigmund
  2856 | D:4      | Reached XP level 6. HP: 55/56 MP: 5/5
  2864 | D:4      | Noticed Herrn's ghost (amateur NaWz)
  2872 | D:4      | Killed Herrn's ghost
  2872 | D:4      | Reached skill level 7 in Axes
  3200 | D:4      | Reached **** piety under Trog
  3254 | D:5      | Entered Level 5 of the Dungeon
  3324 | D:5      | Reached skill level 5 in Armour
  3324 | D:5      | Reached XP level 7. HP: 36/61 MP: 6/6
  3755 | D:5      | Reached skill level 6 in Fighting
  3755 | D:5      | Reached skill level 8 in Axes
  3910 | D:5      | Found a basalt altar of Yredelemnul.
  4143 | D:5      | Found an ancient bone altar of Kikubaaqudgha.
  4145 | D:5      | Noticed Grinder
  4266 | D:5      | Killed Sigmund
  4266 | D:5      | Reached skill level 6 in Armour
  4266 | D:5      | Reached XP level 8. HP: 71/71 MP: 7/7
  4403 | D:6      | Reached skill level 9 in Axes
  4536 | D:6      | Reached skill level 7 in Fighting
  4801 | D:6      | Reached skill level 10 in Axes
  5002 | D:6      | Found a white marble altar of Elyvilon.
  5047 | D:7      | Reached skill level 7 in Armour
  5128 | D:7      | Found a staircase to the Ecumenical Temple.
  5156 | D:7      | Reached XP level 9. HP: 80/80 MP: 0/8
  5184 | D:7      | Reached skill level 8 in Fighting
  5186 | D:7      | Reached ***** piety under Trog
  5258 | D:7      | Reached skill level 11 in Axes
  5308 | D:7      | You fall through a shaft for 3 floors!
  5308 | D:10     | Entered Level 10 of the Dungeon
  5375 | D:10     | Reached skill level 8 in Armour
  5421 | D:10     | Noticed Erolcha
  5426 | D:10     | Killed Erolcha
  5575 | D:10     | Noticed Josephine
  5579 | D:10     | Reached skill level 12 in Axes
  5585 | D:10     | Killed Josephine
  5585 | D:10     | Reached skill level 9 in Fighting
  5585 | D:10     | Reached skill level 9 in Armour
  5585 | D:10     | Reached XP level 10. HP: 91/91 MP: 9/9
  6005 | D:9      | Found a staircase to the Lair.
  6034 | D:9      | Reached skill level 13 in Axes
  6303 | D:9      | Noticed a dagger
  6303 | D:9      | Noticed a hand axe
  6306 | D:9      | Found a hide-covered altar of Uskayaw.
  6349 | D:9      | Noticed a two-headed ogre
  6356 | D:9      | Killed a two-headed ogre
  6356 | D:9      | Reached skill level 10 in Fighting
  6356 | D:9      | Reached skill level 10 in Armour
  6934 | D:9      | Noticed a two-headed ogre
  6938 | D:9      | Killed a two-headed ogre
  7098 | D:9      | Noticed a two-headed ogre
  7104 | D:9      | Killed a two-headed ogre
  7104 | D:9      | Reached skill level 14 in Axes
  7104 | D:9      | Reached XP level 11. HP: 101/101 MP: 10/10
  7347 | Lair:1   | Entered Level 1 of the Lair of Beasts
  7722 | Lair:1   | HP: 28/151 [komodo dragon (14)]
  7724 | Lair:1   | Reached skill level 11 in Fighting
  8092 | Lair:1   | Reached skill level 11 in Armour
  8469 | Lair:1   | Noticed a six-headed hydra
  8477 | Lair:1   | Killed a ten-headed hydra
  8477 | Lair:1   | Reached skill level 15 in Axes
  8956 | Lair:2   | Reached skill level 12 in Fighting
  8956 | Lair:2   | Reached skill level 16 in Axes
  8956 | Lair:2   | Reached skill level 12 in Armour
  8956 | Lair:2   | Reached skill level 4 in Dodging
  8956 | Lair:2   | Reached XP level 12. HP: 112/112 MP: 11/11
  8957 | Lair:2   | Reached skill level 4 in Shields
  8957 | Lair:2   | Reached XP level 13. HP: 119/119 MP: 12/12
  8958 | Lair:2   | Gained mutation: Potions are less effective at restoring your health. [potion of mutation]
  8958 | Lair:2   | Gained mutation: You are partially covered in large bone plates. (SH +4) [potion of mutation]
  8958 | Lair:2   | Gained mutation: Your body sometimes deteriorates upon taking damage. [potion of mutation]
  8958 | Lair:2   | Gained mutation: You have sharp toenails. [potion of mutation]
  8959 | Lair:2   | Lost mutation: Your body sometimes deteriorates upon taking damage. [potion of mutation]
  8959 | Lair:2   | Lost mutation: You have sharp toenails. [potion of mutation]
  8959 | Lair:2   | Gained mutation: You are agile. (Dex +2) [potion of mutation]
  8959 | Lair:2   | Lost mutation: You are agile. (Dex +2) [potion of mutation]
  8959 | Lair:2   | Gained mutation: You have sharp fingernails. [potion of mutation]
  8973 | Lair:2   | Received a gift from Trog
  9045 | Lair:2   | Found a staircase to the Swamp.
  9106 | Lair:2   | Reached skill level 17 in Axes
  9211 | Lair:2   | Reached skill level 13 in Fighting
 10345 | Lair:3   | Reached skill level 13 in Armour
 10783 | Lair:3   | Reached XP level 14. HP: 125/129 MP: 13/13
 10877 | Lair:3   | Reached skill level 18 in Axes
 11049 | Lair:3   | Found a hole to the Spider Nest.
 11183 | Lair:3   | Reached skill level 14 in Fighting
 11258 | Lair:3   | Received a gift from Trog
 11317 | Swamp:1  | Entered Level 1 of the Swamp
 11615 | Swamp:1  | Reached skill level 19 in Axes
 11615 | Swamp:1  | Reached skill level 14 in Armour
 13050 | Swamp:2  | Received a gift from Trog
 13147 | Swamp:4  | Entered Level 4 of the Swamp
 13364 | Swamp:3  | Reached ****** piety under Trog
 13869 | Swamp:4  | Reached skill level 20 in Axes
 13869 | Swamp:4  | Reached XP level 15. HP: 123/139 MP: 14/14
 13923 | Swamp:4  | Noticed a tentacled monstrosity
 14045 | Swamp:4  | Killed a tentacled monstrosity
 14045 | Swamp:4  | Reached skill level 15 in Fighting
 14161 | Swamp:4  | Reached skill level 15 in Armour
 14211 | Swamp:4  | Noticed a thorn hunter
 14219 | Swamp:4  | Killed from afar by a thorn hunter

Vault maps used:
D:1:      minmay_arrival_up_and_down, item_on_display_a
D:2:      cheibrodos_helix_gallery, old_standard_altar, first_bread,
          uniq_jessica
D:3:      makhleb_altar_promises_db, uniq_sigmund
D:5:      zin_treasury, yredelemnul_forgotten_temple_becter, basic_altar,
          uniq_grinder
D:6:      kennysheep_mini_moat
D:7:      gammafunk_temple_overflow_wave, minmay_temple_entry_water_ring
D:9:      dancing_weapons_uskayaw, david_lair_shrubbed,
          kennysheep_generic_room_3
D:10:     zombieorc1_lemuel, grunt_tengu_nest, uniq_josephine, uniq_erica,
          uniq_erolcha
Lair:1:   grunt_megastairs_4
Lair:2:   swamp_mist_pool, minmay_lair_oklob_chamber
Lair:3:   mu_elephants_graveyard, nicolae_spider_entry_tight_spaces,
          beast_lair_carwin_5
Swamp:1:  hangedman_swamp_ruin_hall
Swamp:2:  nicolae_swamp_treefoil
Swamp:3:  serial_swamp_ruin, evilmike_swamp_ruin_house_5,
          evilmike_swamp_ruin_house_4, swamp_pool1
Swamp:4:  swamp_alternative, swamp_pool2

Skill      XL: |  1  2  3  4  5  6  7  8  9 10 11 12 13 14 15 |
---------------+----------------------------------------------+-----
Axes           | 4 5 6 7 8 10 12 14 16 17 20 | 20.4
Fighting       | 4 5 6 7 9 10 12 13 14 15 | 15.2
Armour         | 3 4 5 6 7 9 10 12 13 14 15 | 15.0
Dodging        | 4 |  4.5
Shields        | 4 |  4.1

Action                   |  1- 3 |  4- 6 |  7- 9 | 10-12 | 13-15 || total
-------------------------+-------+-------+-------+-------+-------++-------
Melee: Hand axe          |    67 |   159 |    89 |       |       ||   315
       Headbutt          |    17 |    31 |    56 |    53 |    98 ||   255
       War axe           |       |       |   116 |   200 |     3 ||   319
       Battleaxe         |       |       |       |       |   463 ||   463
Invok: Berserk           |       |     2 |     5 |     5 |    13 ||    25
       Burn Spellbooks   |       |       |       |       |     1 ||     1
 Abil: Evoke Flight      |       |       |       |       |     1 ||     1
  Use: Scroll            |       |       |       |     5 |    12 ||    17
       Potion            |       |       |       |     2 |     2 ||     4
  Eat: Chunk             |       |     8 |     6 |    13 |    10 ||    37
       Royal jelly       |       |       |     1 |       |     4 ||     5
       Bread ration      |       |       |     1 |     1 |       ||     2
       Meat ration       |       |       |       |       |     1 ||     1
       Fruit             |       |       |       |       |     6 ||     6
Armor: Animal skin       |     2 |       |       |       |       ||     2
       Ring mail         |    16 |     5 |    53 |    57 |     7 ||   138
       Scale mail        |     7 |    32 |       |       |       ||    39
       Skin              |       |    12 |       |       |       ||    12
       Plate armour      |       |       |       |       |   269 ||   269
Dodge: Dodged            |    44 |    83 |    83 |    83 |   189 ||   482
Block: Other             |       |       |       |       |    90 ||    90

Vault maps used:
D:1:      minmay_arrival_up_and_down, item_on_display_a
D:2:      cheibrodos_helix_gallery, old_standard_altar, first_bread,
          uniq_jessica
D:3:      makhleb_altar_promises_db, uniq_sigmund
D:5:      zin_treasury, yredelemnul_forgotten_temple_becter, basic_altar,
          uniq_grinder
D:6:      kennysheep_mini_moat
D:7:      gammafunk_temple_overflow_wave, minmay_temple_entry_water_ring
D:9:      dancing_weapons_uskayaw, david_lair_shrubbed,
          kennysheep_generic_room_3
D:10:     zombieorc1_lemuel, grunt_tengu_nest, uniq_josephine, uniq_erica,
          uniq_erolcha
Lair:1:   grunt_megastairs_4
Lair:2:   swamp_mist_pool, minmay_lair_oklob_chamber
Lair:3:   mu_elephants_graveyard, nicolae_spider_entry_tight_spaces,
          beast_lair_carwin_5
Swamp:1:  hangedman_swamp_ruin_hall
Swamp:2:  nicolae_swamp_treefoil
Swamp:3:  serial_swamp_ruin, evilmike_swamp_ruin_house_5,
          evilmike_swamp_ruin_house_4, swamp_pool1
Swamp:4:  swamp_alternative, swamp_pool2

Table legend:
 A = Turns spent in this place as a percentage of turns spent in the entire game.
 B = Non-inter-level travel turns spent in this place as a percentage of non-inter-level travel turns spent in the entire game.
 C = Inter-level travel turns spent in this place as a percentage of turns spent in this place.
 D = Turns resting spent in this place as a percentage of non-inter-level travel turns spent in this place.
 E = Turns spent auto-exploring this place as a percentage of non-inter-level travel turns spent in this place.
 F = Non-inter-level travel turns spent in this place divided by the number of levels of this place that you've seen.
                   A       B       C       D       E      F
               +-------+-------+-------+-------+-------+----------------------
         Total | 100.0 | 100.0 |   0.3 |   4.8 |   8.9 | 232.1
       Dungeon |  52.4 |  52.4 |   0.4 |   4.3 |  10.4 | 216.0
          Lair |  27.1 |  27.1 |   0.4 |   4.7 |   8.2 | 335.7
         Swamp |  20.5 |  20.5 |   0.1 |   6.4 |   6.0 | 190.5
               +-------+-------+-------+-------+-------+----------------------

Table legend:
 A = Kills in this place as a percentage of kills in entire the game.
 B = Kills by you in this place as a percentage of kills by you in the entire game.
 C = Kills by friends in this place as a percentage of kills by friends in the entire game.
 D = Other kills in this place as a percentage of other kills in the entire game.
 E = Experience gained in this place as a percentage of experience gained in the entire game.
 F = Experience gained in this place divided by the number of levels of this place that you have seen.
                   A       B       C       D       E      F
               +-------+-------+-------+-------+-------+----------------------
         Total | 100.0 | 100.0 |  -nan |  -nan | 100.0 | 4859.5
       Dungeon |  52.1 |  52.1 |  -nan |  -nan |  15.1 | 1301.3
          Lair |  26.6 |  26.6 |  -nan |  -nan |  36.2 | 9389.7
         Swamp |  21.3 |  21.3 |  -nan |  -nan |  48.7 | 9467.8
               +-------+-------+-------+-------+-------+----------------------
